SNL (28 & UNDER)
BLACKIRON DRAGONS @ KEY WEST BARRACUDAS
05/13/2027
 
TOP OF THE 1ST
BlackIron Dragons batting - Pitching for Key West Barracudas : LHP Luis Rodríguez
Pitching: LHP Luis Rodríguez
Batting: SHB José Estreito 0-0: Ball
1-0: Bunt for hit - play at first, batter safe!
Batting: SHB Júlio Macías 0-0: Swinging Strike
Balk!
José Estreito to second
0-1: Ball
1-1: Ball
2-1: Called Strike
2-2: Ground out 1-3 (Groundball, 15)
Batting: RHB Doug O'Brien 0-0: Called Strike
José Estreito steals 3rd base
0-1: Foul Ball, location: 2F
0-2: Ball
1-2: Foul Ball, location: 2F
1-2: Strikes out swinging
Batting: RHB Felipe Jareño 0-0: Ball
1-0: Foul Ball, location: 2F
1-1: Called Strike
1-2: Foul Ball, location: 2F
1-2: Foul Ball, location: 2F
1-2: Strikes out looking
Top of the 1st over - 0 run(s), 1 hit(s), 0 error(s), 1 left on base; BlackIron 0 - Key West 0
BOTTOM OF THE 1ST
Key West Barracudas batting - Pitching for BlackIron Dragons : LHP Ricardo Vega
Pitching: LHP Ricardo Vega
Batting: SHB Rodney Birling 0-0: Ball
1-0: Ball
2-0: Ball
3-0: Called Strike
3-1: Called Strike
3-2: Strikes out looking
Batting: RHB Carlos Bravo 0-0: Ball
1-0: Ball
2-0: Ground out 5-3 (Groundball, 56S)
Batting: RHB Júlio Cruz 0-0: Ground out 6-3 (Groundball, 6S)
Bottom of the 1st over - 0 run(s), 0 hit(s), 0 error(s), 0 left on base; BlackIron 0 - Key West 0
TOP OF THE 2ND
BlackIron Dragons batting - Pitching for Key West Barracudas : LHP Luis Rodríguez
Batting: LHB Culley Vaughan 0-0: Called Strike
0-1: Called Strike
0-2: Strikes out swinging
Batting: LHB Manuel Cardenas 0-0: Foul Ball, location: 2F
0-1: Ball
1-1: Called Strike
1-2: Strikes out swinging
Batting: RHB Eugene Payne 0-0: Swinging Strike
0-1: Swinging Strike
0-2: Ball
1-2: Strikes out swinging
Top of the 2nd over - 0 run(s), 0 hit(s), 0 error(s), 0 left on base; BlackIron 0 - Key West 0
BOTTOM OF THE 2ND
Key West Barracudas batting - Pitching for BlackIron Dragons : LHP Ricardo Vega
Batting: RHB Richard Sanders 0-0: Called Strike
0-1: Ball
1-1: Swinging Strike
1-2: Foul Ball, location: 2F
1-2: Ball
2-2: Strikes out swinging
Batting: RHB Anastasio Villa 0-0: Ball
1-0: Called Strike
1-1: Called Strike
1-2: Foul Ball, location: 2F
1-2: Strikes out looking
Batting: LHB Motoki Hirata 0-0: Ball
1-0: Ball
2-0: Foul Ball, location: 2F
2-1: Called Strike
2-2: Foul Ball, location: 2F
2-2: Ball
3-2: SINGLE (Flyball, 3D)
Batting: RHB Edward Holloway 0-0: Called Strike
Motoki Hirata is caught stealing 2nd base
Bottom of the 2nd over - 0 run(s), 1 hit(s), 0 error(s), 0 left on base; BlackIron 0 - Key West 0
TOP OF THE 3RD
BlackIron Dragons batting - Pitching for Key West Barracudas : LHP Luis Rodríguez
Batting: LHB Mike Davis 0-0: Hit by Pitch
Batting: RHB Ramón Rodríguez 0-0: Fly out, F4 (Popup, 4)
Batting: SHB José Estreito 0-0: Ball
1-0: Called Strike
1-1: Foul Ball, location: 2F
1-2: Ball
2-2: Ball
3-2: Base on Balls
Mike Davis to second
Batting: SHB Júlio Macías 0-0: Foul Ball, location: 2F
0-1: Swinging Strike
0-2: Foul Ball, location: 2F
0-2: Ball
1-2: Ball
2-2: Strikes out swinging
Batting: RHB Doug O'Brien 0-0: Ball
1-0: Ball
2-0: Called Strike
2-1: Foul Ball, location: 2F
2-2: Ball
3-2: Foul Ball, location: 2F
3-2: Fly out, F6 (Line Drive, 4M)
Top of the 3rd over - 0 run(s), 0 hit(s), 0 error(s), 2 left on base; BlackIron 0 - Key West 0
BOTTOM OF THE 3RD
Key West Barracudas batting - Pitching for BlackIron Dragons : LHP Ricardo Vega
Batting: RHB Edward Holloway 0-0: Swinging Strike
0-1: SINGLE (Flyball, 89S)
Batting: SHB Eric Pimentel 0-0: Called Strike
0-1: Ball
1-1: Swinging Strike
1-2: Foul Ball, location: 2F
1-2: Ball
2-2: Ground out 3-1 (Groundball, 3S)
Edward Holloway to second
Batting: RHB Dan Craft 0-0: Ball
1-0: Swinging Strike
1-1: Foul Ball, location: 2F
1-2: Strikes out swinging
Batting: SHB Rodney Birling 0-0: Ball
1-0: Foul Ball, location: 2F
1-1: Ball
2-1: Foul Ball, location: 2F
2-2: Ball
3-2: Strikes out looking
Bottom of the 3rd over - 0 run(s), 1 hit(s), 0 error(s), 1 left on base; BlackIron 0 - Key West 0
TOP OF THE 4TH
BlackIron Dragons batting - Pitching for Key West Barracudas : LHP Luis Rodríguez
Batting: RHB Felipe Jareño 0-0: Called Strike
0-1: Foul Ball, location: 2F
0-2: Ball
1-2: Strikes out swinging
Batting: LHB Culley Vaughan 0-0: Called Strike
0-1: Called Strike
0-2: Strikes out swinging
Batting: LHB Manuel Cardenas 0-0: Swinging Strike
0-1: Ball
1-1: Foul Ball, location: 2F
1-2: Ball
2-2: Strikes out swinging
Top of the 4th over - 0 run(s), 0 hit(s), 0 error(s), 0 left on base; BlackIron 0 - Key West 0
BOTTOM OF THE 4TH
Key West Barracudas batting - Pitching for BlackIron Dragons : LHP Ricardo Vega
Batting: RHB Carlos Bravo 0-0: Foul Ball, location: 2F
0-1: Ball
1-1: Foul Ball, location: 2F
1-2: Ball
2-2: Strikes out swinging
Batting: RHB Júlio Cruz 0-0: Ground out 6-3 (Groundball, 6)
Batting: RHB Richard Sanders 0-0: Called Strike
0-1: SINGLE (Flyball, 78S)
Batting: RHB Anastasio Villa 0-0: Called Strike
0-1: Ball
1-1: Foul Ball, location: 2F
1-2: 2-RUN HOME RUN (Flyball, 7D), Distance : 402 ft
Batting: LHB Motoki Hirata 0-0: Called Strike
0-1: DOUBLE (Flyball, 78M)
Batting: RHB Edward Holloway 0-0: Foul Ball, location: 2F
0-1: Ball
1-1: Fly out, F9 (Flyball, 9D)
Bottom of the 4th over - 2 run(s), 3 hit(s), 0 error(s), 1 left on base; BlackIron 0 - Key West 2
TOP OF THE 5TH
BlackIron Dragons batting - Pitching for Key West Barracudas : LHP Luis Rodríguez
Batting: RHB Eugene Payne 0-0: Fly out, F8 (Line Drive, 8LM)
Batting: LHB Mike Davis 0-0: Swinging Strike
0-1: Ball
1-1: Ball
2-1: Ball
3-1: Swinging Strike
3-2: Base on Balls
Batting: RHB Ramón Rodríguez 0-0: Ball
1-0: Called Strike
1-1: Called Strike
1-2: Ball
2-2: Strikes out looking
Batting: SHB José Estreito 0-0: Ball
1-0: Called Strike
1-1: Ball
2-1: Ball
3-1: Foul Ball, location: 2F
3-2: Base on Balls
Mike Davis to second
Pitching: RHP Gerald Núñez
Batting: SHB Júlio Macías 0-0: Called Strike
0-1: Ground out U3 (Groundball, 3L)
Top of the 5th over - 0 run(s), 0 hit(s), 0 error(s), 2 left on base; BlackIron 0 - Key West 2
BOTTOM OF THE 5TH
Key West Barracudas batting - Pitching for BlackIron Dragons : LHP Ricardo Vega
Batting: SHB Eric Pimentel 0-0: Called Strike
0-1: Called Strike
0-2: Ball
1-2: Ground out 4-3 (Groundball, 4)
Batting: RHB Dan Craft 0-0: Called Strike
0-1: Foul Ball, location: 2F
0-2: Ball
1-2: Foul Ball, location: 2F
1-2: Strikes out looking
Batting: SHB Rodney Birling 0-0: Ball
1-0: Ground out 6-3 (Groundball, 6)
Bottom of the 5th over - 0 run(s), 0 hit(s), 0 error(s), 0 left on base; BlackIron 0 - Key West 2
TOP OF THE 6TH
BlackIron Dragons batting - Pitching for Key West Barracudas : RHP Gerald Núñez
Batting: RHB Doug O'Brien 0-0: Called Strike
0-1: Foul Ball, location: 2F
0-2: Ball
1-2: Ball
2-2: Hit by Pitch
Batting: RHB Felipe Jareño 0-0: Ground out 5-3 (Groundball, 25)
Doug O'Brien to second
Batting: LHB Culley Vaughan 0-0: Fly out, F9 (Flyball, 9LMF)
Batting: LHB Manuel Cardenas 0-0: Ball
1-0: Ground out 4-3 (Groundball, 4)
Top of the 6th over - 0 run(s), 0 hit(s), 0 error(s), 1 left on base; BlackIron 0 - Key West 2
BOTTOM OF THE 6TH
Key West Barracudas batting - Pitching for BlackIron Dragons : LHP Ricardo Vega
Batting: RHB Carlos Bravo 0-0: Ball
1-0: SINGLE (Groundball, 56D)
Batting: RHB Júlio Cruz 0-0: Fly out, F4 (Line Drive, 4)
Batting: RHB Richard Sanders 0-0: Foul Ball, location: 2F
0-1: Swinging Strike
0-2: Foul Ball, location: 2F
0-2: Ball
1-2: Strikes out looking
Batting: RHB Anastasio Villa 0-0: Ball
1-0: Called Strike
1-1: Hit by Pitch
Carlos Bravo to second
Batting: LHB Motoki Hirata 0-0: Ball
1-0: Fielders Choice at 2nd, 4-6 (Groundball, 4)
Bottom of the 6th over - 0 run(s), 1 hit(s), 0 error(s), 1 left on base; BlackIron 0 - Key West 2
TOP OF THE 7TH
BlackIron Dragons batting - Pitching for Key West Barracudas : RHP Gerald Núñez
Batting: RHB Eugene Payne 0-0: Called Strike
0-1: Ball
1-1: Ball
2-1: Ground out 6-3 (Groundball, 6)
Batting: LHB Mike Davis 0-0: Called Strike
0-1: Called Strike
0-2: Ball
1-2: Ball
2-2: Foul Ball, location: 2F
2-2: Foul Ball, location: 2F
2-2: Foul Ball, location: 2F
2-2: Ball
3-2: SINGLE (Line Drive, 34)
Batting: RHB Ramón Rodríguez 0-0: DOUBLE (Line Drive, 78D)
Mike Davis to third
Runner from 3rd tries for Home, SAFE, throw made home
Pinch Hitting: RHB Frank Maxwell 0-0: Ball
1-0: Ball
2-0: Ball
3-0: Base on Balls
Pinch Hitting: LHB Chris Waggoner 0-0: Called Strike
0-1: SINGLE (Flyball, 7S)
Ramón Rodríguez to third
Frank Maxwell to second
Runner from 3rd tries for Home, SAFE, no throw
Pitching: RHP Ed Calhoun
Pinch Hitting: LHB Terry Simpson 0-0: Ball
1-0: Ball
2-0: Called Strike
2-1: Swinging Strike
2-2: Foul Ball, location: 2F
2-2: Strikes out swinging
Batting: RHB Felipe Jareño 0-0: DOUBLE (Line Drive, 7D)
Frank Maxwell scores
Chris Waggoner to third
Runner from 3rd tries for Home, SAFE, no throw
Batting: LHB Culley Vaughan 0-0: Ball
1-0: SINGLE (Line Drive, 3D)
Felipe Jareño to third
Runner from 3rd tries for Home, SAFE, no throw
Batting: LHB Manuel Cardenas 0-0: Called Strike
0-1: Ball
1-1: Foul Ball, location: 2F
1-2: Foul Ball, location: 2F
1-2: Strikes out swinging
Top of the 7th over - 5 run(s), 5 hit(s), 0 error(s), 1 left on base; BlackIron 5 - Key West 2
BOTTOM OF THE 7TH
Key West Barracudas batting - Pitching for BlackIron Dragons : LHP Ricardo Vega
Now at 1B: Frank Maxwell
Now in LF: Terry Simpson
Now in RF: Chris Waggoner
Batting: RHB Edward Holloway 0-0: Called Strike
0-1: Swinging Strike
0-2: Ball
1-2: Ground out 6-3 (Groundball, 6)
Batting: SHB Eric Pimentel 0-0: Fly out, F2 (Popup, 25)
Batting: RHB Dan Craft 0-0: Ground out 4-3 (Groundball, 4)
Bottom of the 7th over - 0 run(s), 0 hit(s), 0 error(s), 0 left on base; BlackIron 5 - Key West 2
TOP OF THE 8TH
BlackIron Dragons batting - Pitching for Key West Barracudas : RHP Ed Calhoun
Batting: RHB Eugene Payne 0-0: Ball
1-0: Called Strike
1-1: Swinging Strike
1-2: Strikes out looking
Batting: LHB Mike Davis 0-0: Ball
1-0: Called Strike
1-1: Ball
2-1: Called Strike
2-2: Strikes out swinging, 2-3 out at first.
Batting: RHB Ramón Rodríguez 0-0: Called Strike
0-1: Ball
1-1: Ball
2-1: Foul Ball, location: 2F
2-2: Fly out, F9 (Flyball, 89S)
Top of the 8th over - 0 run(s), 0 hit(s), 0 error(s), 0 left on base; BlackIron 5 - Key West 2
BOTTOM OF THE 8TH
Key West Barracudas batting - Pitching for BlackIron Dragons : LHP Ricardo Vega
Pitching: RHP Julián Romero
Batting: SHB Rodney Birling 0-0: Called Strike
0-1: Ball
1-1: Ground out 4-3 (Groundball, 4)
Batting: RHB Carlos Bravo 0-0: Swinging Strike
0-1: Called Strike
0-2: Ball
1-2: Ball
2-2: Strikes out looking
Batting: RHB Júlio Cruz 0-0: Swinging Strike
0-1: Ball
1-1: Ball
2-1: Foul Ball, location: 2F
2-2: Ball
3-2: Strikes out swinging
Bottom of the 8th over - 0 run(s), 0 hit(s), 0 error(s), 0 left on base; BlackIron 5 - Key West 2
TOP OF THE 9TH
BlackIron Dragons batting - Pitching for Key West Barracudas : RHP Ed Calhoun
Batting: RHB Frank Maxwell 0-0: Ball
1-0: Ball
2-0: Foul Ball, location: 2F
2-1: Swinging Strike
2-2: Foul Ball, location: 2F
2-2: Foul Ball, location: 2F
2-2: Strikes out swinging
Batting: LHB Chris Waggoner 0-0: Swinging Strike
0-1: Foul Ball, location: 2F
0-2: Strikes out swinging
Batting: LHB Terry Simpson 0-0: Fly out, F7 (Flyball, 7LM)
Top of the 9th over - 0 run(s), 0 hit(s), 0 error(s), 0 left on base; BlackIron 5 - Key West 2
BOTTOM OF THE 9TH
Key West Barracudas batting - Pitching for BlackIron Dragons : RHP Julián Romero
Pitching: LHP Nick Walters
Batting: RHB Richard Sanders 0-0: Ground out 5-3 (Groundball, 56)
Batting: RHB Anastasio Villa 0-0: Ball
1-0: Foul Ball, location: 2F
1-1: Ball
2-1: Ball
3-1: Ground out 5-3 (Groundball, 56)
Batting: LHB Motoki Hirata 0-0: Ball
1-0: Foul Ball, location: 2F
1-1: Called Strike
1-2: Ball
2-2: Strikes out swinging
Bottom of the 9th over - 0 run(s), 0 hit(s), 0 error(s), 0 left on base; BlackIron 5 - Key West 2
Thursday, March 30th, 2017 - OOTP Baseball 17.12 Build 75